 Dungeon Crawl Stone Soup version 0.17.0-26-gececa24 (webtiles) character file.

158 ketsa the Chopper (level 5, -1/45 HPs)
             Began as a Minotaur Berserker on Nov 20, 2015.
             Was a Believer of Trog.
             Slain by a gnoll
             ... wielding a +0 halberd
              (6 damage)
             ... on level 3 of the Dungeon.
             The game lasted 00:05:20 (2481 turns).

ketsa the Chopper (Minotaur Berserker)              Turns: 2481, Time: 00:05:20

Health: -1/45      AC:  4    Str: 22    XL:     5   Next: 16%
Magic:  4/4        EV: 12    Int:  4    God:    Trog [**....]
Gold:   138        SH:  0    Dex: 10    Spells: 0 memorised, 4 levels left

rFire  . . .     SeeInvis .     a - +0 hand axe
rCold  + . .     Clarity  .     b - +0 animal skin
rNeg   . . .     SustAt   .     (no shield)
rPois  .         Gourm    .     (helmet restricted)
rElec  .         Spirit   .     m - +0 cloak
rCorr  .         Warding  .     (no gloves)
rMut   .         Stasis   .     j - +0 pair of boots
MR     .....                    (no amulet)
Stlth  +.........               (no ring)
                                g - ring of protection from cold

@: exhausted, slowed, very slow, not resistant to hostile enchantments, very
unstealthy
A: retaliatory headbutt, horns 2
a: Berserk, Trog's Hand, Burn Spellbooks, Renounce Religion


You were on level 3 of the Dungeon.
You worshipped Trog.
Trog was pleased with you.
You were very hungry.

You visited 1 branch of the dungeon, and saw 3 of its levels.

You collected 138 gold pieces.

Inventory:

Hand Weapons
 a - a +0 hand axe (weapon)
 f - a +0 hunting sling
 w - a +4 quarterstaff of chaos
Missiles
 q - 34 stones (quivered)
Armour
 b - a +0 animal skin (worn)
 d - a +0 robe
 j - a +0 pair of boots (worn)
 m - a +0 cloak (worn)
Jewellery
 g - a ring of protection from cold (left hand)
 k - an uncursed ring of sustain attributes {unknown}
Wands
 v - a wand of random effects (28)
Scrolls
 e - a scroll of remove curse {unknown}
 h - 3 scrolls of identify {unknown}
 l - a scroll of teleportation {unknown}
 n - a scroll of enchant weapon {unknown}
 p - a scroll of immolation {unknown}
 s - 2 scrolls of amnesia {unknown}
Potions
 i - a potion of resistance {unknown}
 r - 2 potions of mutation {unknown}
 t - a potion of heal wounds {unknown}
 x - a potion of cure mutation {unknown}
Comestibles
 c - 4 bread rations
 o - a beef jerky
 u - a chunk of flesh
 z - 4 fruits


   Skills:
 - Level 3.6 Fighting
 * Level 6.4 Axes
 + Level 3.7 Armour
 - Level 2.1 Dodging


You had 4 spell levels left.
You didn't know any spells.

Dungeon Overview and Level Annotations

Branches:
Dungeon (3/15)

Altars:
Qazlal


Innate Abilities, Weirdness & Mutations

You reflexively headbutt those who attack you in melee.
You have a pair of horns on your head.


Message History

The gnoll hits you from afar with a halberd!
* * * LOW HITPOINT WARNING * * *
You hit the rat but do no damage. The rat bites you but does no damage.
The gnoll misses you. The rat closely misses you. The rat closely misses you.
You furiously retaliate!
You headbutt the rat!
You kill the rat!
Trog accepts your kill.
A red film seems to cover your vision as you go berserk!
You feel yourself moving faster!
You feel mighty!
You feel somewhat more hungry.
You feel a strong urge to attack something.
You feel your anger subside.
You are no longer berserk.
You are exhausted.
You feel yourself slow down.
You are feeling very hungry.
Found a scroll labeled ZEIRHU WESE.
The gnoll hits you from afar with a halberd.
You die...

#.#....#>..# #..........
#####.###(.#...####.#.##.......
###.....#...............##.....o.
..........##...#....o............
####.##.###......####†#.##....o.
## #.##.# #....[o## #.#.# ....
.##..##.# #.....g.###.#.#####.#
....###.# #........##.#.o.))#.###
..#####.# #.....@...#.#####)....#
#.......# #......#....# ##....#
........ ............... ......
<....... ..............# #......
........ #####.......... #######
####.... ###.......? )# ...
######.## )♣ .. .# .♣


You could see an orc priest and a gnoll.

Vanquished Creatures
  Crazy Yiuf (D:3)
  3 gnolls (D:3)
  4 adders
  An ooze (D:1)
  2 worms (D:2)
  2 giant geckos (D:1)
  8 bats
  5 hobgoblins
  A quokka (D:3)
  6 giant cockroaches
  2 giant newts
  4 goblins
  11 kobolds
  10 rats
60 creatures vanquished.

Notes
Turn   | Place    | Note
--------------------------------------------------------------
     0 | D:1      | ketsa the Minotaur Berserker began the quest for the Orb.
     0 | D:1      | Reached XP level 1. HP: 19/19 MP: 0/0
   257 | D:1      | Reached skill level 4 in Axes
   382 | D:1      | Reached XP level 2. HP: 26/26 MP: 1/1
   671 | D:1      | You fall through a shaft!
  1186 | D:1      | Reached ** piety under Trog
  1276 | D:1      | Reached XP level 3. HP: 28/31 MP: 2/2
  1445 | D:2      | Reached skill level 5 in Axes
  1497 | D:2      | Found a stormy altar of Qazlal.
  2173 | D:2      | Reached XP level 4. HP: 35/39 MP: 3/3
  2214 | D:3      | Noticed Crazy Yiuf
  2219 | D:3      | Killed Crazy Yiuf
  2391 | D:3      | Reached skill level 6 in Axes
  2395 | D:3      | Reached XP level 5. HP: 45/45 MP: 4/4
  2481 | D:3      | Slain by a gnoll

Action                   |  1- 3 |  4- 6 || total
-------------------------+-------+-------++-------
Melee: Hand axe          |    95 |    33 ||   128
Throw: Stone             |     9 |       ||     9
Invok: Berserk           |     2 |     3 ||     5
  Eat: Chunk             |     4 |     5 ||     9
